 Dungeon Crawl Stone Soup version 0.30-a0-135-g630cfc4551 (webtiles) character file.

Game seed: 17759619147890433243

23 LnG the Caller (level 3, 0/19 HPs)
             Began as a Kobold Summoner on Sept 20, 2022.
             Succumbed to a kobold's poison
             ... on level 1 of the Dungeon.
             The game lasted 00:06:34 (1193 turns).

LnG the Caller (Kobold Summoner)                    Turns: 1193, Time: 00:06:34

Health: 0/19       AC:  2    Str:  5    XL:     3   Next: 12%
Magic:  4/7        EV: 15    Int: 18    God:
Gold:   52         SH:  0    Dex: 15    Spells: 6/7 levels left

rFire   . . .      SeeInvis +    (weapon restricted)
rCold   . . .      Faith    .    (no shield)
rNeg    . . .      Spirit   .    a - +0 robe
rPois   .          Reflect  .    (no helmet)
rElec   .          Harm     .    (no cloak)
rCorr   .          Rampage  .    (no gloves)
Will    .....                    (no boots)
Stlth   +++.......               (no amulet)
HPRegen 0.06/turn                c - ring of see invisible
MPRegen 0.10/turn                (no ring)

@: lethally poisoned (0 -> -14), flying
A: small, no large weapons, nightstalker 3
a: no special abilities


You were on level 1 of the Dungeon.
You visited 1 branch of the dungeon, and saw 1 of its levels.

You collected 52 gold pieces.

Inventory:

Armour
 a - a +0 robe (worn)
Jewellery
 c - a ring of see invisible (left hand)
Scrolls
 e - a scroll of identify {unknown}
 g - a scroll of fear {unknown}
Potions
 f - a potion of cancellation {unknown}
 h - a potion of attraction {unknown}


   Skills:
 + Level 2.7 Dodging
 + Level 3.0 Stealth
 + Level 2.7 Spellcasting
 + Level 4.3 Summonings


You had 6 spell levels left.
You knew the following spells:

 Your Spells              Type           Power      Damage    Failure   Level
a - Summon Small Mammal   Summ           72%        N/A       2%          1

Your spell library contained the following spells:

 Spells                   Type           Power      Damage    Failure   Level
 Call Imp                 Summ           18%        N/A       4%          2
 Call Canine Familiar     Summ           18%        N/A       9%          3
 Summon Guardian Golem    Hex/Summ       10%        N/A       21%         3
 Summon Lightning Spire   Summ/Air       10%        N/A       56%         4


Dungeon Overview and Level Annotations

Branches:
Dungeon (1/15)

Altars:


Innate Abilities, Weirdness & Mutations

You are small and have problems with some larger weapons.
You are completely attuned to the shadows.


Message History

Your rat dies!
Your rat's corpse disappears in a puff of smoke!
The quokka closely misses you. The quokka attacks as you move away!
The quokka barely misses you. Magic courses through your body.
The quokka bites you. The quokka barely misses you. The quokka misses you.
You swap places.
The quokka bites your rat.
Your rat dies!
Your rat's corpse disappears in a puff of smoke!
Your bat hits the quokka but does no damage.
The quokka completely misses your bat.
Your bat barely misses the quokka.
Your bat closely misses the quokka.
Your bat hits the quokka but does no damage.
Your bat hits the quokka. The quokka bites your bat.
Your bat dies!
Your bat's corpse disappears in a puff of smoke!
The quokka misses you.
Your bat barely misses the quokka.
Your bat hits the quokka. The quokka barely misses your bat.
Your bat misses the quokka.
Your bat barely misses the quokka.
Your bat hits the quokka but does no damage.
The quokka closely misses you.
Your bat hits the kobold. The quokka bites you.
Your bat closely misses the quokka.
Your bat barely misses the quokka.
The hobgoblin barely misses your bat. The quokka bites your bat.
Your bat hits the quokka but does no damage.
Your bat disappears in a puff of smoke!
Your bat closely misses the quokka.
The kobold hits you with a +1 short sword of venom.
You are lethally poisoned!
Your bat barely misses the kobold.
* * * LOW HITPOINT WARNING * * *
You feel very sick.
Your bat closely misses the quokka.
It was a potion of flight.
You feel very buoyant.
You fly up into the air.
You die...

............#.######## #.#^.##
.#######'##...##...†.######....#.
.#..b.....#.#....###..#.......##.
.#........#.###### ##....########
.#........#.# ###..........
.#........#.# #.##'#####.
.#........#.# ### #.#~..♣♣ #.
.#........#.#####.# #.#≈.).♣♣#.
.#.)......#..gKr@r# #.#~...P♣#(
.#........#...b##.#####.#~....♣#.
.##'#######..§.##.#.....#~~.<.♣#.
..§.g.......§..##.#.#####≈≈~...#.
..#####..g#....##.....###.~~~..'.
..# ###......####.#..##)~.~.<##
§.# ####..)# #.#...'P~.~~.# ###
##.#####...###.~P.~≈# #.#.......#
#.~~PP~#


You could see a quokka (ally target), a hobgoblin, a kobold (ally target), a
friendly quokka (summoned) and a friendly bat (summoned).

Vanquished Creatures (collateral kills)
  2 ball pythons (D:1)
  3 bats (D:1)
  2 endoplasms (D:1)
  A hobgoblin (D:1)
  A quokka (D:1)
  3 frilled lizards (D:1)
  4 goblins (D:1)
  3 kobolds (D:1)
  4 rats (D:1)
23 creatures vanquished.

Vanquished Creatures (others)
  4 plants (D:1)
4 creatures vanquished.

Grand Total: 27 creatures vanquished

Notes
Turn   | Place    | Note
-------+----------+-------------------------------------------
     0 | D:1      | LnG the Kobold Summoner began the quest for the Orb.
     0 | D:1      | Reached XP level 1. HP: 10/10 MP: 3/3
   175 | D:1      | Reached XP level 2. HP: 15/15 MP: 3/5
  1015 | D:1      | Found a faded altar of an unknown god.
  1127 | D:1      | Reached XP level 3. HP: 19/19 MP: 4/6
  1193 | D:1      | Succumbed to a kobold's poison

Illustrated notes

Levels and vault maps discovered:
D:1:      tarquinn_simple_flora_water_c, layout_basic,
          shapermc_ecumenical_altar_mp_highgroup, minivault_25,
          minmay_octomino_c4

Skill      XL: |  1  2 |
---------------+-------+-----
Stealth        | 3 |  3.0
Dodging        | |  2.7
Spellcasting   | |  2.7
Summonings     | |  4.3

Action                   || total
-------------------------++-------
Melee: Unarmed           ||     8
 Cast: Summon Small Mamm ||    61
  Use: Potion            ||     2
Armor: Robe              ||    11
Dodge: Dodged            ||    35

Table legend: (Time is in decaauts)
 A = Elapsed time spent in this place.
 B = Non-inter-level travel time spent in this place.
 C = Inter-level travel time spent in this place.
 D = Time resting spent in this place.
 E = Time spent auto-exploring this place.
 F = Levels seen in this place.
 G = Mean time per level.
                   A        B        C        D        E       F      G
               +--------+--------+--------+--------+--------+-----+--------+
         Total |   1197 |   1186 |     11 |    115 |    102 |   1 | 1197.0 |
       Dungeon |   1197 |   1186 |     11 |    115 |    102 |   1 | 1197.0 |
               +--------+--------+--------+--------+--------+-----+--------+

Top non-repeatable levels by time:
     D:1: 1197 daAuts
